 Dungeon Crawl Stone Soup version 0.30-a0-161-gdd60e06945 (webtiles) character file.

Game seed: 16013451041196123955

39 qw the Chopper (level 3, -2/23 HPs)
             Began as a Gargoyle Fighter on Sept 27, 2022.
             Slain by a hobgoblin (3 damage)
             ... led by Robin
             ... on level 2 of the Dungeon.
             The game lasted 00:00:23 (985 turns).

qw the Chopper (Gargoyle Fighter)                    Turns: 985, Time: 00:00:23

Health: -2/23      AC: 10    Str: 21    XL:     3   Next: 47%
Magic:  3/3        EV:  9    Int:  8    God:
Gold:   46         SH:  4    Dex:  9    Spells: 2/2 levels left

rFire   . . .      SeeInvis .    Y - +0 war axe
rCold   . . .      Faith    .    c - +0 buckler
rNeg    + . .      Spirit   .    b - +0 scale mail
rPois   inf        Reflect  .    (no helmet)
rElec   +          Harm     .    (no cloak)
rCorr   .          Rampage  .    (no gloves)
Will    .....                    (no boots)
Stlth   ..........               (no amulet)
HPRegen 0.07/turn                (no ring)
MPRegen 0.08/turn                (no ring)

@: no status effects
A: sickness immunity, AC +3, negative energy resistance 1, electricity
resistance, torment resistance 1, petrification resistance
a: no special abilities


You were on level 2 of the Dungeon.
You visited 1 branch of the dungeon, and saw 2 of its levels.

You collected 46 gold pieces.


Innate Abilities, Weirdness & Mutations

You are immune to sickness and miasma.
Your stone body is resilient. (AC +3)
You are immune to poison.
You resist negative energy. (rN+)
You are resistant to electric shocks. (rElec)
You are resistant to unholy torment.
You are immune to petrification.


   Skills:
 - Level 3.2 Fighting
 + Level 3.4 Axes
 - Level 3.2 Armour
 - Level 3.2 Shields


You had 2 spell levels left.
You didn't know any spells.
Your spell library was empty.

Inventory:

Hand Weapons
 g - a +0 whip
 Y - a +0 war axe (weapon)
Armour
 b - a +0 scale mail (worn)
 c - a +0 buckler (worn)
Scrolls
 a - a scroll of blinking {unknown}
Potions
 d - a potion of might

Dungeon Overview and Level Annotations

Branches:
Dungeon (2/15)

Altars:


Message History

You barely miss Robin.
Robin is heavily wounded.
You barely miss the goblin. You hit the hobgoblin. You miss the goblin.
Robin completely misses you. The goblin hits you but does no damage.
The goblin barely misses you. The hobgoblin hits you.
You closely miss the hobgoblin.
The hobgoblin is severely wounded.
You closely miss the goblin. You slash Robin!
You kill Robin!
You hit the goblin.
You kill the goblin!
The hobgoblin hits you but does no damage.
The goblin closely misses you. The hobgoblin hits you.
The goblin hits you with a +0 club.
You hit the hobgoblin but do no damage.
The hobgoblin is severely wounded.
You closely miss the goblin.
The goblin no longer looks unusually strong.
The hobgoblin barely misses you. The goblin hits you with a +0 club.
You closely miss the hobgoblin.
The hobgoblin is severely wounded.
You hit the goblin. You hit the goblin but do no damage.
The hobgoblin closely misses you. The goblin hits you but does no damage.
You block the goblin's attack. The goblin hits you with a +0 dagger.
The hobgoblin hits you but does no damage.
The goblin hits you but does no damage. You block the goblin's attack.
You barely miss the goblin.
The goblin is severely wounded.
You closely miss the goblin. x2; You closely miss the hobgoblin.
The goblin closely misses you.
The hobgoblin hits you but does no damage.
The goblin hits you with a +0 club. You block the goblin's attack.
You closely miss the goblin.
The goblin is severely wounded.
You barely miss the hobgoblin. You hit the goblin.
You kill the goblin!
You slash the goblin!
You kill the goblin!
The hobgoblin hits you.
You die...

..........##........
...................
#.....####........
..................
........#.#.......
.....<....#....#
#......#...###.####
.....#####......))####
###### #####..@g...#
###g)...... ####.....
.... ... .. #


You could see a hobgoblin (strong) and a goblin (strong).

Vanquished Creatures
  Robin (D:2)
  An endoplasm (D:1)
  2 giant cockroaches (D:1)
  8 goblins
  4 hobgoblins
  3 kobolds (D:1)
  A quokka (D:1)
  2 ball pythons (D:1)
  3 bats (D:1)
  3 frilled lizards
  A rat (D:1)
29 creatures vanquished.

Notes
Turn   | Place    | Note
-------+----------+-------------------------------------------
     0 | D:1      | qw the Gargoyle Fighter began the quest for the Orb.
     0 | D:1      | Reached XP level 1. HP: 14/14 MP: 1/1
     0 | D:1      | 0 ||| qw: Version: 0.2-a-10-g37ed214
     0 | D:1      | 0 ||| qw: Game counter: 646
     0 | D:1      | 0 ||| qw: Always use a shield: true
     0 | D:1      | 0 ||| qw: God list: Okawaru
     0 | D:1      | 0 ||| qw: Allow faded altars: false
     0 | D:1      | 0 ||| qw: Do Orc after D:15 true
     0 | D:1      | 0 ||| qw: Do second Lair branch before Depths: true
     0 | D:1      | 0 ||| qw: Lair rune preference: random
     0 | D:1      | 0 ||| qw: Plans: Normal, Zot:1-4, God:TSO, Crypt, Tomb,
                  | Pan, Slime:5, Hells, Abyss, Orb
     0 | D:1      | 0 ||| PLANNING D:1-11
   130 | D:1      | HP: 2/14 [ball python (2)]
   133 | D:1      | Reached XP level 2. HP: 2/19 MP: 2/2
   482 | D:1      | 482 ||| Stepping ~*~*~tactically~*~*~ (stealth).
   587 | D:1      | 587 ||| DROPPING +0 club.
   918 | D:1      | 918 ||| READING scroll labelled BORAIL MINIERR.
   919 | D:1      | 919 ||| READING scroll labelled WUISHAF ZACU.
   972 | D:2      | Noticed Robin
   974 | D:2      | Reached skill level 3 in Axes
   977 | D:2      | Reached XP level 3. HP: 19/23 MP: 3/3
   981 | D:2      | Killed Robin
   982 | D:2      | HP: 3/23 [goblin/+0 club[Robin] (4)]
   984 | D:2      | HP: 1/23 [goblin/+0 club[Robin] (1)]
   985 | D:2      | Slain by a hobgoblin

Levels and vault maps discovered:
D:1:      nicolae_arrival_somewhat_less_tricky_arrival, layout_rooms
D:2:      layout_rooms, uniq_natasha, uniq_robin

Skill      XL: |  1  2 |
---------------+-------+-----
Axes           | 2 3 |  3.4
Fighting       | |  3.2
Armour         | |  3.2
Shields        | |  3.2

Action                   || total
-------------------------++-------
Melee: War axe           ||    88
  Use: Scroll            ||     2
Armor: Scale mail        ||    67
Dodge: Dodged            ||    55
Block: Buckler           ||    26

Table legend:
 A = Non-vault XP
 B = Vault XP
 C = Vault XP percentage of total XP
 D = Non-vault monster count
 E = Vault monster count
 F = Vault count percentage of total count
                 A         B        C        D         E       F
            +---------+---------+-------+---------+---------+-------
      Total |      30 |      31 |  50.8 |      20 |       9 |  31.0
            +---------+---------+-------+---------+---------+-------
        D:1 |      29 |       0 |   0.0 |      19 |       0 |   0.0
        D:2 |       1 |      31 |  96.9 |       1 |       9 |  90.0
            +---------+---------+-------+---------+---------+-------
